 Dungeon Crawl Stone Soup version 0.18-b1-22-ge198996 (webtiles) character file.

32 manyhoops the Chucker (level 3, -2/35 HPs)
             Began as a Troll Hunter on May 4, 2016.
             Slain by Sigmund
             ... wielding a +0 scythe
              (15 damage)
             ... on level 2 of the Dungeon.
             The game lasted 00:01:27 (713 turns).

manyhoops the Chucker (Troll Hunter)                 Turns: 713, Time: 00:01:28

Health: -2/35      AC:  6    Str: 21    XL:     3   Next: 10%
Magic:  2/2        EV: 10    Int:  7    God:
Gold:   46         SH:  0    Dex: 10    Spells: 0 memorised, 2 levels left

rFire  . . .     SeeInvis .       - Unarmed
rCold  . . .     Gourm    +     b - +0 robe
rNeg   . . .     Faith    .     (no shield)
rPois  .         Spirit   .     (helmet restricted)
rElec  .         Dismiss  .     e - +0 cloak
rCorr  .         Reflect  .     (gloves unavailable)
SustAt .         Harm     .     (boots unavailable)
MR     .....                    (no amulet)
Stlth  +.........               (no ring)
                                (no ring)

@: not resistant to hostile enchantments, very unstealthy
A: unfitting armour, claws 3, fast metabolism 3, gourmand, regeneration 2,
shaggy fur 1, tough skin 2
a: no special abilities


You were on level 2 of the Dungeon.
You were very full.

You visited 1 branch of the dungeon, and saw 2 of its levels.

You collected 46 gold pieces.

Inventory:

Missiles
 c - 5 large rocks (quivered)
 d - 2 throwing nets
Armour
 b - a +0 robe (worn)
 e - a +0 cloak (worn)
Scrolls
 a - a scroll of noise {unknown}
 h - a scroll of enchant armour {unknown}
 i - a scroll of recharging {unknown}
 j - a scroll of enchant weapon {unknown}
 k - a scroll of identify {unknown}
 m - a scroll of immolation {unknown}
Potions
 g - a potion of lignification {unknown}
 l - 2 potions of degeneration {unknown}
Comestibles
 f - 2 bread rations


   Skills:
 + Level 1.8 Fighting
 + Level 4.0 Throwing
 + Level 1.7 Dodging
 - Level 0.4 Stealth
 * Level 1.4 Unarmed Combat


You had 2 spell levels left.
You didn't know any spells.

Dungeon Overview and Level Annotations

Branches:
Dungeon (2/15)

Altars:

Annotations:
D:2 Sigmund


Innate Abilities, Weirdness & Mutations

You are too large for most types of armour.
You have claws for hands.
Your metabolism is lightning-fast.
You like to eat raw meat.
You heal very quickly.
You are covered in fur (AC +1).
You have very tough skin (AC +2).


Message History

Sigmund is heavily wounded.
Sigmund hits you but does no damage.
Throwing (i - inventory. (,) - cycle):
c - 8 large rocks (quivered)
Press: ? - help, Shift-Dir - straight line, f/p - Sigmund
Aim: Sigmund, wielding a scythe and wearing a robe (heavily wounded, unusually agile)
You throw a large rock. The large rock misses Sigmund.
Sigmund misses you. Sigmund hits you with a scythe.
Throwing (i - inventory. (,) - cycle):
c - 7 large rocks (quivered)
Press: ? - help, Shift-Dir - straight line, f/p - Sigmund
Aim: Sigmund, wielding a scythe and wearing a robe (heavily wounded, unusually agile)
You throw a large rock. The large rock misses Sigmund.
Sigmund points at you and mumbles some strange words.
You resist with significant effort.
Throwing (i - inventory. (,) - cycle):
c - 6 large rocks (quivered)
Press: ? - help, Shift-Dir - straight line, f/p - Sigmund
Aim: Sigmund, wielding a scythe and wearing a robe (heavily wounded, unusually agile)
You throw a large rock.
The large rock completely misses Sigmund.
Sigmund hits you with a scythe!
You die...

<.......############.##<
...#...............#...
#..#....##########.#..# .#
#..#....# #.#.#..#...#
...##.#.########...#..#...##
##.##.#.#.............#....
##.##.#.#.####.#.#.#.....###
##..#.....# #.....#........
# #....#######@###.....###
........# #....@...........
##.>#...# #....####.....##
##.#...# #....# #........ .
#...# #....# #........ #.
....# #....# #........
..#.## #....# #........
...... .....@... #.....#
######...


You could see Sigmund.

Vanquished Creatures
  A giant gecko (D:1)
  5 giant cockroaches
  A goblin (D:1)
  3 hobgoblins
  6 jackals (D:1)
  A quokka (D:1)
  3 bats
  A giant newt (D:1)
  2 kobolds (D:1)
  6 rats (D:1)
29 creatures vanquished.

Notes
Turn   | Place    | Note
--------------------------------------------------------------
     0 | D:1      | manyhoops the Troll Hunter began the quest for the Orb.
     0 | D:1      | Reached XP level 1. HP: 19/19 MP: 0/0
    69 | D:1      | Reached XP level 2. HP: 26/27 MP: 1/1
   133 | D:1      | Reached skill level 1 in Unarmed Combat
   613 | D:2      | Reached skill level 4 in Throwing
   613 | D:2      | Reached XP level 3. HP: 35/35 MP: 2/2
   692 | D:2      | Noticed Sigmund
   713 | D:2      | Slain by Sigmund

Skill      XL: |  1  2 |
---------------+-------+-----
Unarmed Combat | 1 |  1.4
Throwing       | 4 |  4.0
Fighting       | |  1.8
Dodging        | |  1.7
Stealth        | |  0.4

Action                   || total
-------------------------++-------
Melee: Short sword       ||    33
       Unarmed           ||    65
Throw: Large rock        ||     4
  Eat: Chunk             ||    11
Armor: Robe              ||    41
Dodge: Dodged            ||    58
